cohdb
Replays
Latest Replays
All Replays
Popular Replays
Top Player Replays
Match Explorer
How It Works
Community
CoH3 Stats
Reddit
Sign in to upload your games and track your stats! →
Sign in with Steam
Match 43805950
Unlisted
Match 43805950
Overview
Messages
Build Orders
End
Pioneer Squad
Construct Infanterie Kompanie
Selects Breakthrough Battlegroup
MG 42 Machine Gun Team
Selects Assault Grenadiers
Grenadier Squad
Grenadier Squad
Construct Luftwaffe Kompanie
Medical Station
221 Scout Car
Selects Rapid Production
Jäger Squad
Gwangju's Hero Chun Doo-gwang
鼠王一只耳
Data Collector
sipping rosé all alone
0
0
Comments
sign in to comment!
No comments posted yet!